 Dungeon Crawl Stone Soup version 0.22-a0-880-gb7b0c8b (webtiles) character file.

107 iamserjio the Chiller (level 4, -2/32 HPs)
             Began as a Barachi Ice Elementalist on July 30, 2018.
             Slain by a sky beast (5 damage)
             ... on level 2 of the Dungeon.
             The game lasted 00:06:38 (730 turns).

iamserjio the Chiller (Barachi Ice Elementalist)     Turns: 730, Time: 00:06:39

Health: -2/32      AC:  3    Str: 10    XL:     4   Next: 85%
Magic:  2/8        EV: 12    Int: 16    God:
Gold:   94         SH:  0    Dex: 12    Spells: 0/8 levels left

rFire    . . .     SeeInvis .   q - +0 mace
rCold    . . .     Gourm    .   (no shield)
rNeg     . . .     Faith    .   a - +0 robe
rPois    .         Spirit   .   g - +0 helmet
rElec    .         Reflect  .   (no cloak)
rCorr    .         Harm     .   (no gloves)
MR       .....                  (no boots)
Stlth    ++........             (no amulet)
HPRegen  0.10/turn              (no ring)
MPRegen  0.11/turn              (no ring)

@: lethally poisoned (-2 -> -3), slow
A: +LOS, swims, slowness 1, strong legs 1
a: Hop


You were on level 2 of the Dungeon.
You were hungry.

You visited 1 branch of the dungeon, and saw 2 of its levels.

You collected 94 gold pieces.

Inventory:

Hand Weapons
 b - a +4 hunting sling
 d - a +0 dagger
 e - a +0 club
 q - a +0 mace (weapon)
Missiles
 n - 12 sling bullets
 p - 17 arrows
Armour
 a - a +0 robe (worn)
 g - a +0 helmet (worn)
Scrolls
 f - 2 scrolls of enchant weapon {unknown}
 h - 2 scrolls of identify {unknown}
 i - a scroll of enchant armour {unknown}
 j - a scroll of remove curse {unknown}
 k - a scroll of fog {unknown}
 l - a scroll of amnesia {unknown}
Potions
 o - a potion of cancellation {unknown}
 r - 2 potions of curing {@q1}
Comestibles
 c - 6 rations


   Skills:
 - Level 1.0 Fighting
 - Level 2.1 Dodging
 - Level 1.7 Stealth
 + Level 2.7 Spellcasting
   Level 1.1 Conjurations
 * Level 0.6 Summonings
 - Level 6.0 Ice Magic


You couldn't memorise any spells.
You knew the following spells:

 Your Spells              Type           Power        Failure   Level  Hunger
a - Freeze                Ice            ###.         1%          1    #......
b - Ozocubu's Armour      Chrm/Ice       ##......     17%         3    ###....
c - Summon Ice Beast      Ice/Summ       ##......     45%         4    #####..

Your spell library contained the following spells:

 Spells                   Type           Power        Failure   Level  Hunger
 Throw Frost              Conj/Ice       ##....       7%          2    ##.....
 Throw Icicle             Conj/Ice       ##......     41%         4    #####..


Dungeon Overview and Level Annotations

Branches:
Dungeon (2/15)

Altars:


Innate Abilities, Weirdness & Mutations

Shadows flee at your approach. (+LOS)
You can swim through water.
You cover ground slowly.
You can hop short distances.


Message History

Casting: Freeze (safe; 1% risk of failure)
Confirm with . or Enter, or press ? or * to list all spells.
Okay, then.
Casting: Freeze (safe; 1% risk of failure)
Confirm with . or Enter, or press ? or * to list all spells.
A chill wind blows around you. Something hits you. Something shocks you.
Wield which item (- for none, * to show all)? (? for menu, Esc to quit)
q - a +0 mace (weapon)
Something hits you. Something shocks you.
You miss something.
You feel sick.
Your ice beast hits something but does no damage.
Something hits your ice beast. Something shocks your ice beast.
You miss something.
Your ice beast barely misses something.
Something hits you. Something shocks you.
* * * LOW HITPOINT WARNING * * *
Your ice beast closely misses something.
Something hits you.
* * * LOW HITPOINT WARNING * * *
Something shocks you.
You die...

##### .....# ......#
#### .......### ####..#
.........#######.....##
.
..(....(({@.....)###..#
. .......†Y#########
##.# . %.........# ####
#†# .
..................###.##
.... ......##...##
#......### .... ......
##... #####(...# ....
..... ##.# ##(#.# ####
.... .# #(#.# ... ....
.# ....# #(#.##


You could see a friendly ice beast.

Vanquished Creatures
  Jessica (D:2)
  3 adders (D:2)
  An ooze (D:1)
  A worm (D:2)
  A leopard gecko (D:1)
  6 bats
  3 giant cockroaches
  5 goblins
  7 hobgoblins
  4 jackals (D:1)
  A quokka (D:2)
  A ball python (D:1)
  2 frilled lizards (D:1)
  5 kobolds
  3 rats
44 creatures vanquished.

Notes
Turn   | Place    | Note
-------+----------+-------------------------------------------
     0 | D:1      | iamserjio the Barachi Ice Elementalist began the quest for the Orb.
     0 | D:1      | Reached XP level 1. HP: 13/13 MP: 3/3
   106 | D:1      | Reached skill level 4 in Ice Magic
   130 | D:1      | Reached XP level 2. HP: 8/19 MP: 0/5
   361 | D:2      | Noticed Jessica
   370 | D:2      | Reached XP level 3. HP: 20/24 MP: 3/6
   372 | D:2      | Reached skill level 5 in Ice Magic
   374 | D:2      | Killed Jessica
   385 | D:2      | Noticed a sky beast
   407 | D:2      | Learned a level 3 spell: Ozocubu's Armour
   433 | D:2      | Reached XP level 4. HP: 19/30 MP: 0/7
   507 | D:2      | Reached skill level 6 in Ice Magic
   654 | D:1      | Learned a level 4 spell: Summon Ice Beast
   719 | D:2      | Reached skill level 1 in Fighting
   730 | D:2      | Slain by a sky beast

Vault maps used:
D:1:      dpeg_arrival_solitude, minmay_heptomino_o4
D:2:      uniq_jessica

Skill      XL: |  1  2  3  4 |
---------------+-------------+-----
Ice Magic      | 4 5 6 |  6.0
Fighting       | 1 |  1.0
Dodging        | |  2.1
Stealth        | |  1.7
Spellcasting   | |  2.7
Conjurations   | |  1.1
Summonings     | |  0.6

Action                   |  1- 3 |  4- 6 || total
-------------------------+-------+-------++-------
Melee: Dagger            |    19 |       ||    19
       Unarmed           |     1 |       ||     1
       Club              |     7 |    23 ||    30
       Mace              |       |     2 ||     2
 Fire: Hunting sling     |       |     4 ||     4
 Cast: Freeze            |    34 |    23 ||    57
       Summon Ice Beast  |       |     1 ||     1
  Use: Potion            |       |     3 ||     3
 Stab: Sleeping          |     1 |       ||     1
Armor: Robe              |    13 |    18 ||    31
Dodge: Dodged            |    29 |    31 ||    60

Table legend:
 A = Spawn XP
 B = Non-spawn XP
 C = Spawn XP percentage of total XP
 D = Spawn monster count
 E = Non-spawn monster count
 F = Spawn count percentage of total count
 G = Total turns spent on level
                    A         B        C        D         E        F      G
               +---------+---------+-------+---------+---------+-------+---------
         Total |       0 |     153 |   0.0 |       0 |      44 |   0.0 |   730
               +---------+---------+-------+---------+---------+-------+---------
           D:1 |       0 |      54 |   0.0 |       0 |      29 |   0.0 |   470
           D:2 |       0 |      99 |   0.0 |       0 |      15 |   0.0 |   260
               +---------+---------+-------+---------+---------+-------+---------
